 Dungeon Crawl Stone Soup version 0.19.1 (webtiles) character file.

3121 lorenzova the Thaumaturge (level 9, -2/45 HPs)
             Began as a Deep Elf Conjurer on Dec 7, 2016.
             Was a Believer of Vehumet.
             Slain by an orc warrior
             ... wielding a +0 trident
              (24 damage)
             ... on level 8 of the Dungeon.
             The game lasted 00:22:20 (9166 turns).

lorenzova the Thaumaturge (Deep Elf Conjurer)       Turns: 9166, Time: 00:22:22

Health: -2/45      AC:  1    Str: 11    XL:     9   Next: 60%
Magic:  10/26      EV: 13    Int: 24    God:    Vehumet [**....]
Gold:   434        SH:  0    Dex: 15    Spells: 3 memorised, 21 levels left

rFire  . . .     SeeInvis .     I - +8 trident "Bujeapp" {pierce, Str+6}
rCold  . . .     Gourm    .     a - +0 robe
rNeg   . . .     Faith    .     (no shield)
rPois  .         Spirit   .     (no helmet)
rElec  .         Reflect  .     j - -2 cloak (curse)
rCorr  .         Harm     .     (no gloves)
MR     .....                    (no boots)
Stlth  ++........               (no amulet)
                                (no ring)
                                g - ring of wizardry

@: no status effects
A: no striking features
a: Renounce Religion


You were on level 8 of the Dungeon.
You worshipped Vehumet.
Vehumet was pleased with you.
You were hungry.

You visited 2 branches of the dungeon, and saw 9 of its levels.
You also visited: Sewer.

You collected 434 gold pieces.

Inventory:

Hand Weapons
 I - the +8 trident "Bujeapp" (weapon) {pierce, Str+6}
   (You found it on level 6 of the Dungeon)

   It inflicts extra damage upon your enemies.
   It affects your strength (+6).
Armour
 a - a +0 robe (worn)
 j - a cursed -2 cloak (worn)
Magical Staves
 F - an uncursed staff of death
Jewellery
 g - a ring of wizardry (left hand)
Wands
 B - a wand of flame (23/48)
Scrolls
 d - 3 scrolls of blinking
 h - 4 scrolls of enchant weapon
 k - 6 scrolls of teleportation
 m - 3 scrolls of recharging
 o - 2 scrolls of amnesia
 p - 3 scrolls of magic mapping {unknown}
 q - 2 scrolls of random uselessness {unknown}
 r - 2 scrolls of noise {unknown}
 y - 2 scrolls of identify
 z - a scroll of fear {unknown}
 C - 3 scrolls of remove curse {unknown}
 D - a scroll of vulnerability {unknown}
 G - a scroll of enchant armour {unknown}
Potions
 e - 3 potions of brilliance
 i - 3 potions of might
 l - 5 potions of curing
 s - 6 potions of agility
 t - a potion of degeneration {unknown}
 u - a potion of flight
 v - a potion of heal wounds {unknown}
 w - 2 potions of magic {unknown}
 A - 2 potions of mutation {unknown}
 H - 2 potions of beneficial mutation {unknown}
Books
 b - a book of Conjurations

   Spells                             Type                      Level
   a - Magic Dart                     Conjuration                  1
   b - Searing Ray                    Conjuration                  2
   c - Dazzling Spray                 Conjuration/Hexes            3
   d - Fulminant Prism                Conjuration/Hexes            4
   e - Iskenderun's Mystic Blast      Conjuration                  4
   f - Iskenderun's Battlesphere      Conjuration/Charms           5
 n - a book of Callings

   Spells                             Type                      Level
   a - Summon Small Mammal            Summoning                    1
   b - Call Imp                       Summoning                    2
   c - Call Canine Familiar           Summoning                    3
   d - Summon Guardian Golem          Hexes/Summoning              3
   e - Summon Lightning Spire         Summoning/Air                4
   f - Summon Ice Beast               Ice/Summoning                4
Comestibles
 c - 5 bread rations
 f - 8 meat rations
 x - 6 fruits
 E - a slice of pizza


   Skills:
 - Level 2.4 Dodging
 - Level 2.4 Stealth
 * Level 11.6 Spellcasting
 * Level 10.3 Conjurations
 + Level 7.9 Charms


You had 21 spell levels left.
You knew the following spells:

 Your Spells              Type           Power        Failure   Level  Hunger
a - Magic Dart            Conj           ####         1%          1    None
b - Iskenderun's Battles  Conj/Chrm      ######..     1%          5    ###....
c - Iskenderun's Mystic   Conj           ######..     1%          4    None


Dungeon Overview and Level Annotations

Branches:
Dungeon (8/15)             Temple (1/1) D:6
   Lair: D:8-11

Altars:
Cheibriados
Fedhas
Gozag
Kikubaaqudgha
Nemelex Xobeh
Okawaru
Qazlal
Ru
Trog
Vehumet
Xom
Yredelemnul
Zin


Message History

The orb of energy hits the orc warrior.
The orc warrior is moderately wounded.
The orb of energy explodes!
You hear a shout!
Your battlesphere fires!
The barrage of energy hits the orc warrior.
The orc warrior is moderately wounded.
The orc warrior hits you from afar with a trident!
Casting: Iskenderun's Mystic Blast
Confirm with . or Enter, or press ? or * to list all spells.
Aiming: Iskenderun's Mystic Blast
Press: ? - help, Shift-Dir - straight line, f/p - orc warrior
Aim: an orc warrior, wielding a trident and wearing a plate armour (moderately wounded)
The orb of energy misses the orc warrior.
Your battlesphere fires!
The barrage of energy hits the orc warrior.
The orc warrior is moderately wounded.
The orc warrior hits you from afar with a trident!!
Ouch! That really hurt!
You die...

.# #.# #.# .#
#.######.## .#
#.........#
#.######..# #.#
....#
#####.###.##..#
#.........##..#
##.###.######..#
........>@*o.#..#
#####.
###.###.####.#..#
...... #.. ..
....). ### ##
######


You could see an orc warrior and a friendly battlesphere.

Vanquished Creatures
  Grinder (D:3)
  A hippogriff (D:8)
  An orc warrior (D:6)
  2 sky beasts (D:7)
  2 ogres
  A centaur (D:6)
  2 big kobolds (Sewer)
  6 bullfrogs
  2 gnoll sergeants
  A scorpion (D:7)
  7 wights
  2 crimson imps
  Crazy Yiuf (D:3)
  A centaur skeleton (D:4)
  A centaur zombie (D:6)
  3 hounds
  5 orc priests
  A bullfrog skeleton (D:7)
  A gnoll shaman (D:4)
  6 iguanas
  An orc wizard (D:4)
  4 worker ants
  17 gnolls
  A howler monkey skeleton (D:4)
  18 adders
  3 river rats (Sewer)
  A shadow imp (D:3)
  2 worms
  2 dart slugs
  A leopard gecko (D:2)
  21 orcs
  10 bats
  6 giant cockroaches
  3 goblins
  4 hobgoblins
  2 jackals (D:2)
  19 kobolds
  A quokka (D:2)
  7 ball pythons
  3 frilled lizards
  A leopard gecko skeleton (D:6)
  2 quokka skeletons
  26 rats
202 creatures vanquished.

Notes
Turn   | Place    | Note
-------+----------+-------------------------------------------
     0 | D:1      | lorenzova the Deep Elf Conjurer began the quest for the Orb.
     0 | D:1      | Reached XP level 1. HP: 10/10 MP: 6/6
   605 | D:1      | Reached XP level 2. HP: 15/15 MP: 6/8
   994 | D:2      | Reached skill level 5 in Conjurations
  1133 | D:2      | Reached skill level 4 in Spellcasting
  1133 | D:2      | Reached XP level 3. HP: 19/19 MP: 6/10
  1551 | D:2      | Found a blossoming altar of Fedhas.
  1551 | D:2      | Found a snail-covered altar of Cheibriados.
  1556 | D:2      | Found a basalt altar of Yredelemnul.
  1558 | D:2      | Found an iron altar of Okawaru.
  1559 | D:2      | Found an opulent altar of Gozag.
  1822 | D:3      | Reached XP level 4. HP: 24/24 MP: 8/12
  1828 | D:3      | Learned a level 4 spell: Iskenderun's Mystic Blast
  1963 | D:3      | Found a glowing drain.
  1971 | D:3      | Reached skill level 5 in Spellcasting
  2287 | Sewer    | Entered a sewer
  2395 | Sewer    | Reached XP level 5. HP: 28/28 MP: 5/14
  2558 | Sewer    | Learned a level 5 spell: Iskenderun's Battlesphere
  3152 | Sewer    | Reached skill level 6 in Spellcasting
  3152 | Sewer    | Reached skill level 1 in Charms
  3335 | Sewer    | Reached XP level 6. HP: 32/32 MP: 13/17
  4181 | D:3      | Noticed Grinder
  4185 | D:3      | Killed Grinder
  4185 | D:3      | Reached skill level 7 in Spellcasting
  4185 | D:3      | Reached XP level 7. HP: 23/36 MP: 7/19
  4414 | D:3      | Found a runed door.
  4929 | D:3      | Noticed Crazy Yiuf
  4932 | D:3      | Killed Crazy Yiuf
  5368 | D:4      | Reached skill level 8 in Spellcasting
  6142 | D:4      | Reached XP level 8. HP: 41/41 MP: 7/22
  6196 | D:5      | Entered Level 5 of the Dungeon
  6657 | D:6      | Reached skill level 5 in Charms
  6725 | D:6      | Reached skill level 9 in Spellcasting
  6764 | D:6      | Found a staircase to the Ecumenical Temple.
  6769 | Temple   | Entered the Ecumenical Temple
  6803 | Temple   | Became a worshipper of Vehumet
  7688 | D:6      | Reached skill level 10 in Spellcasting
  7919 | D:6      | Reached XP level 9. HP: 38/45 MP: 0/25
  7931 | D:6      | Reached * piety under Vehumet
  7931 | D:6      | Offered knowledge of Sting by Vehumet.
  8081 | D:6      | Got a dazzling trident
  8082 | D:6      | Identified the +8 trident "Bujeapp" {pierce, Str+6} (You found it on level 6 of the Dungeon)
  8388 | D:7      | Reached skill level 11 in Spellcasting
  8677 | D:8      | Reached skill level 10 in Conjurations
  8782 | D:8      | Offered knowledge of Shock by Vehumet.
  8841 | D:8      | Reached ** piety under Vehumet
  9166 | D:8      | Slain by an orc warrior

Skill      XL: |  1  2  3  4  5  6  7  8  9 |
---------------+----------------------------+-----
Conjurations   | 5 6 7 9 10 | 10.3
Spellcasting   | 4 5 6 7 8 10 11 | 11.6
Charms         | 1 3 4 6 7 |  7.9
Dodging        | |  2.4
Stealth        | |  2.4

Action                   |  1- 3 |  4- 6 |  7- 9 || total
-------------------------+-------+-------+-------++-------
Melee: Unarmed           |       |     2 |       ||     2
       Dagger            |       |     8 |       ||     8
       Trident           |       |       |    16 ||    16
 Cast: Magic Dart        |    82 |   126 |   195 ||   403
       Iskenderun's Myst |       |     9 |    23 ||    32
       Iskenderun's Batt |       |     1 |    35 ||    36
  Use: Scroll            |     6 |       |     5 ||    11
       Potion            |       |     3 |       ||     3
 Stab: Sleeping          |       |       |     1 ||     1
  Eat: Chunk             |     2 |     6 |    22 ||    30
       Beef jerky        |       |     1 |       ||     1
       Pizza             |       |       |     1 ||     1
Armor: Robe              |     3 |     9 |     3 ||    15
Dodge: Dodged            |     7 |    51 |    29 ||    87
